 Dungeon Crawl Stone Soup version 0.30.0-13-g156ef70053 (webtiles) character file.

Game seed: 16052890406792742541

9970 jasper the Cleaver (level 11, -5/83 HPs)
             Began as a Demonspawn Cinder Acolyte on May 17, 2023.
             Was a Believer of Ignis.
             Slain by a yak (6 damage)
             ... on level 9 of the Dungeon.
             The game lasted 00:14:11 (9242 turns).

jasper the Cleaver (Demonspawn Cinder Acolyte)      Turns: 9242, Time: 00:14:11

Health: -5/83      AC: 25    Str: 19    XL:     11   Next: 30%
Magic:  12/12      EV:  8    Int: 16    God:    Ignis [**....]
Gold:   947        SH:  9    Dex: 17    Spells: 12/12 levels left

rFire   + . .        t - +8 battleaxe (venom)
rCold   + . .        (shield currently unavailable)
rNeg    . . .        C - +2 chain mail {rPois}
rPois   +            (no helmet)
rElec   .            (no cloak)
rCorr   .            H - +2 pair of gloves {Dex+3}
SInv    .            (no boots)
Will    .....        y - amulet of reflection Stlth
                     w - ring of protection from cold
HPRegen 0.33/turn    D - +6 ring of dexterity
MPRegen 0.13/turn

%: reflection
@: fiery-armoured
A: molten scales 2, foul stench 2, condensation shield, weakness stinger 2
a: Renounce Religion, Fiery Armour, Foxfire Swarm, Rising Flame


You were on level 9 of the Dungeon.
You worshipped Ignis.
Ignis was pleased with you.
You visited 1 branch of the dungeon, and saw 9 of its levels.
You also visited: Bailey.

You collected 947 gold pieces.

Inventory:

Hand Weapons
 a - a -1 hand axe of flaming
 c - a +0 heavy hand axe
 p - a +0 rapier of electrocution
 t - a +8 battleaxe of venom (weapon)
 z - a +4 battleaxe
 A - a +2 spear of distortion
 E - a +0 broad axe
Missiles
 h - 24 poisoned darts
 k - 54 stones (quivered)
 s - 13 boomerangs
 v - 9 atropa-tipped darts
 M - 2 javelins
 R - 5 silver javelins
Armour
 b - a +0 robe
 e - a +0 ring mail
 q - a +0 pair of gloves
 u - a +0 chain mail
 C - a +2 chain mail of poison resistance (worn)
 H - a +2 pair of gloves of dexterity (worn)
 N - a +0 chain mail of cold resistance
Jewellery
 m - a ring of fire
 w - a ring of protection from cold (left hand)
 y - an amulet of reflection (around neck)
 D - a +6 ring of dexterity (right hand)
 F - a ring of willpower
 P - a +6 ring of intelligence
 Q - a ring of flight
Wands
 B - a wand of digging (5)
Scrolls
 f - 4 scrolls of amnesia
 j - a scroll of fear
 o - a scroll of magic mapping
 G - a scroll of blinking
 L - a scroll of fog
 S - a scroll of identify
 T - a scroll of enchant armour
Potions
 d - 4 potions of degeneration
 g - 2 potions of attraction
 i - 3 potions of curing
 l - a potion of mutation
 n - 3 potions of ambrosia
 r - a potion of cancellation {unknown}
 x - a potion of heal wounds
 I - a potion of invisibility {unknown}
 J - a potion of magic {unknown}
 K - 2 potions of haste {unknown}
 O - a potion of flight {unknown}


   Skills:
 + Level 6.8 Fighting
 * Level 14.4 Axes
 + Level 5.4 Armour
 - Level 1.0 Spellcasting
 - Level 2.6 Fire Magic


You had 12 spell levels left.
You didn't know any spells.
Your spell library contained the following spells:

 Spells                   Type           Power      Damage    Failure   Level
 Scorch                   Fire           18%        2d5       65%         2


Dungeon Overview and Level Annotations

Branches:
Dungeon (9/15)             Temple (0/1) D:6          Bailey (visited)
   Lair: D:8-11         Orc: D:9-12

Altars:
Dithmenos
Fedhas
Gozag
Makhleb
Nemelex Xobeh
Okawaru
Qazlal
Trog
Wu Jian
Xom
Yredelemnul

Annotations:
D:7 2 transporters, Spectrina's ghost, novice HuMo


Innate Abilities, Weirdness & Mutations

You are mostly covered in molten scales. (AC +3)
You sometimes emit foul miasma when damaged in melee.
A meltable shield of frost defends you. (SH +4)
You have a tail ending in a sharp stinger.


Message History

You hit the death yak but do no damage.
The death yak gores you but does no damage.
The death yak is burned by your cloak of flames.
The death yak is severely wounded.
The yak barely misses you.
The yak snorts and paws the ground.
You slash the yak!
You kill the yak!
You hit the death yak.
The death yak looks as sick as possible!
You block the death yak's attack.
You hit the yak.
The yak is poisoned.
The yak is lightly wounded.
You slash the death yak!
You kill the death yak!
You slash the death yak!
The death yak looks as sick as possible!
The death yak is lightly wounded.
You slash the death yak!
The death yak looks as sick as possible!
The death yak is moderately wounded.
The death yak gores you!!
* * * LOW HITPOINT WARNING * * *
The death yak is burned by your cloak of flames.
The death yak is moderately wounded.
You take 18 damage, and have 16/83 hp.
MASSIVE DAMAGE!!
You barely miss the death yak.
The death yak is moderately wounded.
The yak attacks as you move away! The yak gores you.
* * * LOW HITPOINT WARNING * * *
The yak is burned by your cloak of flames.
The yak is lightly wounded.
You emit a cloud of foul miasma!
Found a runed sling.
You are no longer corroded.
The yak is engulfed in dark miasma.
The yak is poisoned.
The death yak gores you!
* * * LOW HITPOINT WARNING * * *
You take 15 damage, and have 1/83 hp.
The yak attacks as you move away! The yak gores you.
You die...

##?...###..
#...........<.#
#.............#
#.............#
#.............+
##..##.####..# #####
.#..##.####..###...#
.....#.........)...#
.....'.....!.)..@.$#...
.....#.........YY.......
....##...##+####☼##.#.##
....##...#


YYY. .) ........... YY....... ............ .......... ............+ ..........
....##......#.......[.. ....... You could see 2 death yaks and 5 yaks.

Vanquished Creatures
  An orc warlord (Bailey)
  A death yak (D:9)
  An orc knight (Bailey)
  Joseph (D:7)
  A komodo dragon (D:9)
  A troll (D:7)
  Sigmund (D:3)
  6 yaks
  A steam dragon (D:7)
  An acid dragon (D:9)
  2 water moccasins (D:8)
  3 ice beasts
  18 orc warriors
  3 black bears
  4 centaurs
  2 kobold brigands
  3 bullfrogs
  A gnoll sergeant (D:6)
  3 necrophages (D:5)
  2 scorpions
  21 wights
  A water moccasin zombie (D:5)
  4 howler monkeys
  2 bullfrog zombies (D:5)
  2 orc priests (D:8)
  4 hounds (D:5)
  A human zombie (D:5)
  3 jellies
  A gnoll bouda (D:7)
  3 sleepcaps
  Natasha (thrice) (D:3)
  6 iguanas
  5 orc wizards
  A killer bee zombie (D:5)
  A hound zombie (D:5)
  17 gnolls
  7 adders
  A white imp (D:6)
  2 ufetubi
  4 worms
  A dart slug (D:2)
  36 orcs
  4 bats
  9 endoplasms
  3 giant cockroaches
  16 goblins
  18 hobgoblins
  5 quokkas
  8 ball pythons
  3 frilled lizards
  19 kobolds
  8 rats
275 creatures vanquished.

Vanquished Creatures (others)
  5 dream sheep (D:3)
  A black bear (D:7)
6 creatures vanquished.

Grand Total: 281 creatures vanquished

Notes
Turn   | Place    | Note
-------+----------+-------------------------------------------
     0 | D:1      | jasper the Demonspawn Cinder Acolyte began the quest for
                  | the Orb.
     0 | D:1      | Reached XP level 1. HP: 18/18 MP: 2/2
    77 | D:1      | Reached skill level 3 in Axes
   197 | D:1      | Gained mutation: You are partially covered in molten
                  | scales. (AC +2) [demonic ancestry]
   197 | D:1      | Reached XP level 2. HP: 24/24 MP: 3/3
   299 | D:1      | Found a faded altar of an unknown god.
   634 | D:2      | Gained mutation: You have a small tail. [demonic ancestry]
   634 | D:2      | Reached XP level 3. HP: 29/29 MP: 4/4
   689 | D:2      | Found an opulent altar of Gozag.
   723 | D:2      | Reached skill level 4 in Axes
  1613 | D:3      | Noticed Sigmund
  1618 | D:3      | Gained mutation: You have a tail ending in a sharp stinger.
                  | [demonic ancestry]
  1618 | D:3      | Reached XP level 4. HP: 30/35 MP: 5/5
  1630 | D:3      | Killed Sigmund
  1631 | D:3      | Reached skill level 5 in Axes
  1631 | D:3      | Gained mutation: You are mostly covered in molten scales.
                  | (AC +3) [demonic ancestry]
  1631 | D:3      | Reached XP level 5. HP: 31/41 MP: 6/6
  1688 | D:3      | Reached skill level 6 in Axes
  1754 | D:3      | Noticed Natasha
  1761 | D:3      | Killed Natasha
  1762 | D:3      | Reached XP level 6. HP: 20/47 MP: 7/7
  1792 | D:3      | Noticed Natasha
  1957 | D:3      | Killed Natasha
  1967 | D:3      | Noticed Natasha
  1978 | D:3      | Killed Natasha
  2363 | D:3      | Noticed a dream sheep
  2363 | D:3      | Noticed a dream sheep
  2363 | D:3      | Noticed a dream sheep
  2363 | D:3      | Noticed a dream sheep
  2363 | D:3      | Noticed a dream sheep
  2363 | D:3      | Found a shimmering altar of Xom.
  2364 | D:3      | Killed a dream sheep
  2366 | D:3      | Killed a dream sheep
  2366 | D:3      | Killed a dream sheep
  2366 | D:3      | Killed a dream sheep
  2366 | D:3      | Killed a dream sheep
  2367 | D:3      | Reached skill level 7 in Axes
  2842 | D:4      | Gained mutation: You may rarely emit foul miasma when
                  | damaged in melee. [demonic ancestry]
  2842 | D:4      | Reached XP level 7. HP: 49/52 MP: 8/8
  2856 | D:4      | Found an iron altar of Okawaru.
  2858 | D:4      | Found a sparkling altar of Nemelex Xobeh.
  2859 | D:4      | Found a shadowy altar of Dithmenos.
  2859 | D:4      | Found an ornate altar of the Wu Jian Council.
  3501 | D:4      | Found a blossoming altar of Fedhas.
  3537 | D:4      | Found an opulent altar of Gozag.
  3596 | D:5      | Entered Level 5 of the Dungeon
  3647 | D:5      | Reached skill level 8 in Axes
  3833 | D:5      | Found a stormy altar of Qazlal.
  4123 | D:5      | Reached skill level 9 in Axes
  4123 | D:5      | Gained mutation: You sometimes emit foul miasma when
                  | damaged in melee. [demonic ancestry]
  4123 | D:5      | Reached XP level 8. HP: 47/58 MP: 9/9
  4495 | D:5      | Reached skill level 10 in Axes
  4565 | D:5      | Found a basalt altar of Yredelemnul.
  4716 | D:6      | Found a staircase to the Ecumenical Temple.
  4887 | D:6      | Reached skill level 11 in Axes
  5036 | D:6      | Reached XP level 9. HP: 48/63 MP: 10/10
  5292 | D:6      | Found a burning altar of Makhleb.
  6025 | D:7      | Noticed Spectrina's ghost (novice HuMo)
  6031 | D:7      | Noticed a moth of wrath
  6032 | D:7      | Found a transporter.
  6057 | D:7      | Reached skill level 12 in Axes
  6135 | D:7      | Found a flagged portal.
  6144 | Bailey   | Entered a bailey
  6296 | Bailey   | Reached skill level 1 in Armour
  6450 | Bailey   | Noticed an orc knight
  6469 | Bailey   | Killed an orc knight
  6476 | Bailey   | Gained mutation: A meltable shield of frost defends you.
                  | (SH +4) [demonic ancestry]
  6476 | Bailey   | Reached XP level 10. HP: 34/72 MP: 11/11
  6506 | Bailey   | Identified a scroll of acquirement
  6506 | Bailey   | Acquired a +2 pair of gloves of dexterity
  6696 | Bailey   | Reached skill level 13 in Axes
  6852 | Bailey   | Noticed an orc warlord
  6875 | Bailey   | Killed an orc warlord
  6876 | Bailey   | Reached skill level 5 in Fighting
  6927 | Bailey   | Acquired 406 gold pieces
  7120 | D:7      | Found a bloodstained altar of Trog.
  7127 | D:7      | Found a transporter.
  7180 | D:7      | Noticed Joseph
  7198 | D:7      | Killed Joseph
  8223 | D:8      | Reached skill level 14 in Axes
  8227 | D:8      | Reached XP level 11. HP: 62/81 MP: 12/12
  8543 | D:8      | Reached skill level 5 in Armour
  9218 | D:9      | Noticed a death yak
  9221 | D:9      | Noticed a death yak
  9222 | D:9      | Noticed a death yak
  9237 | D:9      | Killed a death yak
  9241 | D:9      | HP: 1/83 [death yak (15)]
  9242 | D:9      | Slain by a yak

Illustrated notes

Levels and vault maps discovered:
D:1:      dpeg_arrival_long_road, layout_basic,
          shapermc_ecumenical_altar_notcrosses, minmay_pentomino_o2
D:2:      layout_basic, basic_altar, serial_forest,
          infiniplex_forest_clump_tiny, infiniplex_forest_lined_2,
          infiniplex_forest_straight_5, infiniplex_forest_diagonal,
          infiniplex_forest_end_3, infiniplex_forest_clump_long,
          infiniplex_forest_diagonal, infiniplex_forest_lined_1, minmay_3d_cube
D:3:      layout_rooms, kb_xom_exploding_sheep, uniq_natasha, uniq_sigmund
D:4:      layout_basic, grunt_temple_overflow_gold_and_silver,
          mainiacjoe_overflow_alcove_4,
          chequers_temple_overflow_statue_of_worship
D:5:      black_bear_nest_1, layout_basic, lemuel_mausoleum_altar_yredelemnul,
          st_stairs_2, kb_lookout_dungeons_type, minmay_ruined_shrine
D:6:      layout_loops_corners, bloody_makhleb, minmay_temple_entry_large_hall,
          serial_glass, glass_columns_a, glass_columns_b, glass_columns_a,
          glass_columns_a, glass_columns_b, glass_columns_b, glass_columns_c,
          glass_columns_c, glass_columns_b, glass_columns_a,
          minmay_misc_feat_pillars
D:7:      layout_loops_corners, gammafunk_ghost_wrathful_warriors,
          enter_bailey_6, eino_tiny_chamber, uniq_joseph
D:8:      layout_gridville
D:9:      layout_gridville, mainiacjoe_overflow_paths, dpeg_lair_monsters,
          hangedman_fish_farm

Skill      XL: |  1  2  3  4  5  6  7  8  9 10 11 |
---------------+----------------------------------+-----
Axes           | 3 4 5 6 7 9 11 12 14 | 14.4
Armour         | 2 4 5 |  5.4
Fighting       | 4 6 |  6.8
Spellcasting   | |  1.0
Fire Magic     | |  2.6

Action                     |  1- 3 |  4- 6 |  7- 9 | 10-12 || total
---------------------------+-------+-------+-------+-------++-------
  Melee: Hand axe          |   121 |    99 |   256 |       ||   476
         Punch             |     1 |     1 |     6 |       ||     8
         Tailslap          |    13 |    10 |    47 |    30 ||   100
         Battleaxe         |       |       |    71 |   214 ||   285
  Throw: Stone             |     2 |     3 |     7 |       ||    12
         Dart              |     9 |     6 |     3 |       ||    18
         Javelin           |       |     1 |     1 |     2 ||     4
         Boomerang         |       |     1 |       |       ||     1
 Invoke: Fiery Armour      |     1 |       |     6 |     2 ||     9
    Use: Scroll            |     1 |     6 |     4 |     6 ||    17
         Potion            |       |     2 |     2 |     2 ||     6
 Armour: Robe              |    12 |       |       |       ||    12
         Ring mail         |    24 |    47 |       |       ||    71
         Chain mail        |       |     4 |   202 |    83 ||   289
  Dodge: Dodged            |    60 |    66 |   105 |    55 ||   286
  Block: Other             |       |       |    71 |    89 ||   160
         Reflection        |       |       |     3 |     2 ||     5
